 Dungeon Crawl Stone Soup version 0.24-a0-139-geb6712d24a (webtiles) character file.

Game seed: 17035823032243087453

1264 MrRokkomies the Slasher (level 8, -4/58 HPs)
             Began as a Vampire Gladiator on Mar 2, 2019.
             Slain by an orc warrior
             ... wielding a +2 dire flail of protection
              (13 damage)
             ... on level 7 of the Dungeon.
             The game lasted 00:17:24 (5042 turns).

MrRokkomies the Slasher (Vampire Gladiator)         Turns: 5042, Time: 00:17:24

Health: -4/58      AC: 11    Str: 15    XL:     8   Next: 27%
Magic:  17/17      EV:  7    Int: 10    God:
Gold:   211        SH:  0    Dex: 18    Spells: 7/7 levels left

rFire    . . .     SeeInvis +   a - +0 long sword
rCold    + . .     Gourm    .   (no shield)
rNeg     + + .     Faith    .   k - +0 chain mail
rPois    +         Spirit   .   c - +0 helmet
rElec    .         Reflect  .   u - +0 cloak
rCorr    .         Harm     .   (no gloves)
MR       .....                  j - +0 pair of boots
Stlth    ..........             (no amulet)
HPRegen  0.09/turn              p - ring of magical power
MPRegen  0.15/turn              (no ring)

@: regenerating slowly
A: fangs 3, thin skeletal structure 1, see invisible, sense surroundings 1, wild
magic 1, unbreathing
a: Bat Form


You were on level 7 of the Dungeon.
You were very thirsty.

You visited 1 branch of the dungeon, and saw 7 of its levels.

You collected 211 gold pieces.

Inventory:

Hand Weapons
 a - a +0 long sword (weapon)
 b - a +1 hunting sling of freezing
 m - a +0 blowgun
Missiles
 d - a throwing net (quivered)
 f - 5 needles of paralysis
 i - 189 stones
 n - 22 poisoned needles
Armour
 c - a +0 helmet (worn)
 j - a +0 pair of boots (worn)
 k - a +0 chain mail (worn)
 u - a +0 cloak (worn)
Jewellery
 p - a ring of magical power (left hand)
Wands
 o - a wand of paralysis (6)
 q - a wand of acid (1)
Scrolls
 e - a scroll of identify
 g - 7 scrolls of remove curse
 l - 2 scrolls of fear
 t - a scroll of fog
Potions
 h - 2 potions of haste
 r - a potion of agility {unknown}
 s - a potion of cancellation {unknown}


   Skills:
 - Level 3.2 Fighting
 * Level 7.7 Long Blades
 * Level 5.1(5.3) Slings
 - Level 1.5(3.6) Throwing
 - Level 3.2 Dodging


You had 7 spell levels left.
You didn't know any spells.
Your spell library was empty.

Dungeon Overview and Level Annotations

Branches:
Dungeon (8/15)
 Temple: D:4-7         Lair: D:8-11

Altars:
Fedhas
Trog

Annotations:
D:4 2 transporters, haldagan's ghost, novice BaFi


Innate Abilities, Weirdness & Mutations

You heal slowly.
You have razor-sharp teeth.
You have supernaturally acute eyesight. (SInv)
You can survive without breathing.
You have a somewhat thin skeletal structure. (Dex +2, Stealth)
You passively map a small area around you.
Your spells are a little harder to cast, but a little more powerful.


Message History

Press: ? - help, Shift-Dir - straight line, f/p - bullfrog
Aim: a bullfrog (severely wounded, covered in acid)
The bolt of acid hits the bullfrog!
The bullfrog is splashed with acid.
You kill the bullfrog!
The bolt of acid hits the gnoll!
The gnoll is splashed with acid.
The acid corrodes the gnoll!
You kill the gnoll!
An orc warrior comes into view.
It is wielding a +2 dire flail of protection.
Things that are here:
a bullfrog corpse x2; a howler monkey corpse Drink blood from a howler monkey corpse? (ye/n/q) This warm blood tastes delicious!
You are feeling very thirsty.
Throwing (i - inventory. (/) - cycle)
d - 2 throwing nets (quivered)
Press: ? - help, Shift-Dir - straight line, f - orc warrior
Aim: an orc warrior, wielding a +2 dire flail of protection and wearing a +0 plate armour You throw a throwing net.
The throwing net closely misses the orc warrior.
The orc warrior hits you with a +2 dire flail of protection!
You die...

* , *,, .s.r ### * ,
#...## .. , # #...#<
.#***.# #
*##.....#.# ..#.. *
#.....#..* #.#..>
*#.#...#.###......,,
#.......#(....... *
\ #(>)o@......<* ,
........##........*
*##.#..............
......###........
...#.)# #.####... *
, ##...# ... ,,... ,
##.[,, *#.. .. ,
*#..,, ... , , ,


You could see an orc warrior.

Vanquished Creatures
  A water moccasin (D:4)
  3 phantoms
  A centaur (D:7)
  2 bullfrogs (D:7)
  A wyvern skeleton (D:8)
  A scorpion (D:5)
  2 howler monkeys (D:7)
  A quasit (D:7)
  3 orc wizards
  2 hounds
  A jelly (D:5)
  2 orc priests (D:4)
  2 iguanas
  A worker ant (D:4)
  A hound skeleton (D:4)
  A gnoll (D:7)
  4 adders
  A river rat (D:4)
  An ooze (D:1)
  3 worms
  2 dart slugs (D:4)
  5 leopard geckos
  9 orcs
  3 ball pythons
  3 giant cockroaches
  6 hobgoblins
  4 jackals (D:2)
  2 quokkas
  8 bats
  4 frilled lizards
  3 goblins
  A jackal skeleton (D:4)
  10 kobolds
  A quokka skeleton (D:4)
  4 rats
99 creatures vanquished.

Vanquished Creatures (others)
  A fungus (D:8)
1 creature vanquished.

Grand Total: 100 creatures vanquished

Notes
Turn   | Place    | Note
-------+----------+-------------------------------------------
     0 | D:1      | MrRokkomies the Vampire Gladiator began the quest for the
                  | Orb.
     0 | D:1      | Reached XP level 1. HP: 16/16 MP: 1/1
   317 | D:1      | Reached XP level 2. HP: 19/22 MP: 2/2
   792 | D:2      | Reached XP level 3. HP: 24/28 MP: 3/3
  1283 | D:2      | Reached skill level 4 in Long Blades
  1595 | D:2      | Gained mutation: You have a somewhat thin skeletal
                  | structure. (Dex +2, Stealth) [potion of mutation]
  1595 | D:2      | Gained mutation: You passively map a small area around you.
                  | [potion of mutation]
  1595 | D:2      | Gained mutation: Your spells are a little harder to cast,
                  | but a little more powerful. [potion of mutation]
  1662 | D:3      | Reached XP level 4. HP: 35/35 MP: 4/4
  2696 | D:4      | Noticed a phantom
  2726 | D:3      | Reached skill level 1 in Slings
  2726 | D:3      | Reached XP level 5. HP: 32/41 MP: 5/5
  2859 | D:4      | Reached skill level 5 in Long Blades
  3007 | D:4      | Noticed a water moccasin
  3037 | D:4      | Killed a water moccasin
  3037 | D:4      | Reached XP level 6. HP: 21/47 MP: 6/6
  3106 | D:4      | Found a transporter.
  3109 | D:4      | Noticed haldagan's ghost (novice BaFi)
  3110 | D:4      | Found a transporter.
  3867 | D:4      | Reached skill level 6 in Long Blades
  3906 | D:4      | Reached XP level 7. HP: 15/52 MP: 7/7
  4675 | D:4      | Found a bloodstained altar of Trog.
  4754 | D:5      | Entered Level 5 of the Dungeon
  4851 | D:5      | You fall through a shaft for 3 floors!
  4851 | D:8      | Noticed a yak
  4860 | D:8      | Reached skill level 7 in Long Blades
  4902 | D:8      | Noticed a hungry ghost
  4944 | D:8      | Found a blossoming altar of Fedhas.
  5012 | D:8      | Noticed a hippogriff
  5023 | D:7      | Reached XP level 8. HP: 19/58 MP: 8/8
  5036 | D:7      | Reached skill level 5 in Slings
  5042 | D:7      | Slain by an orc warrior

Levels and vault maps discovered:
D:1:      dpeg_arrival_houses_and_road, layout_basic
D:2:      layout_basic
D:3:      layout_loops_corners, grunt_decor_cap
D:4:      layout_cave_pools, lightli_temple_of_fire, gammafunk_ghost_arena,
          gup_sewer_entry_bowl, first_ration, minivault_24
D:5:      layout_loops_ring, serial_shops, shop_fountains, sigmund_army
D:7:      layout_rooms, gammafunk_temple_overflow_wave, temple_green,
          ebering_ghost_reflecting_pool, serial_shops, kennysheep_mini,
          kennysheep_mini_moat, nicolae_shop_statue_plus, nicolae_shop_stone,
          nicolae_shop_statue_plus, uniq_pikel
D:8:      layout_loops_ring, fedhas_altar_1, grunt_lair_entry_orc_guard_hut,
          hangedman_little_slice_of_home

Skill      XL: |  1  2  3  4  5  6  7  8 |
---------------+-------------------------+-----
Fighting       | 2 3 |  3.2
Long Blades    | 4 5 6 7 |  7.7
Slings         | 1 2 3 4 5 |  5.1
Throwing       | |  1.5
Dodging        | |  3.2

Action                   |  1- 3 |  4- 6 |  7- 9 || total
-------------------------+-------+-------+-------++-------
Melee: Long sword        |   121 |   166 |    64 ||   351
       Bite              |    19 |    25 |    15 ||    59
 Fire: Hunting sling     |       |    38 |    12 ||    50
       Blowgun           |       |       |     4 ||     4
Throw: Throwing net      |       |     2 |     1 ||     3
Evoke: Wand              |       |       |     8 ||     8
  Use: Scroll            |     8 |     4 |       ||    12
       Potion            |     1 |     6 |     1 ||     8
  Eat: Corpse            |       |     3 |     2 ||     5
Armor: Leather armour    |    10 |       |       ||    10
       Chain mail        |    67 |   129 |    74 ||   270
Dodge: Dodged            |    81 |    87 |    42 ||   210
       Rpst.: Long sword |    25 |    26 |    11 ||    62

Table legend:
 A = Non-vault XP
 B = Vault XP
 C = Vault XP percentage of total XP
 D = Non-vault monster count
 E = Vault monster count
 F = Vault count percentage of total count
                 A         B        C        D         E       F
            +---------+---------+-------+---------+---------+-------
      Total |    1791 |      16 |   0.9 |      97 |       2 |   2.0
            +---------+---------+-------+---------+---------+-------
        D:1 |      30 |       0 |   0.0 |      16 |       0 |   0.0
        D:2 |      65 |       0 |   0.0 |      21 |       0 |   0.0
        D:3 |     301 |       0 |   0.0 |      22 |       0 |   0.0
        D:4 |     701 |      16 |   2.2 |      22 |       2 |   8.3
        D:5 |     109 |       0 |   0.0 |       2 |       0 |   0.0
        D:7 |     513 |       0 |   0.0 |      13 |       0 |   0.0
        D:8 |      72 |       0 |   0.0 |       1 |       0 |   0.0
            +---------+---------+-------+---------+---------+-------
